 Dungeon Crawl Stone Soup version 0.29-a0-384-g6960b1960d (webtiles) character file.

Game seed: 11519109270712645989

23 ptdevnull the Slasher (level 3, 27/27 HPs)
             Began as a Merfolk Gladiator on May 7, 2022.
             Was a Follower of Kikubaaqudgha.
             Quit the game on level 1 of the Dungeon.
             The game lasted 00:01:32 (439 turns).

ptdevnull the Slasher (Merfolk Gladiator)            Turns: 439, Time: 00:01:33

Health: 27/27      AC:  5    Str: 14    XL:     3   Next: 0%
Magic:  3/3        EV: 13    Int:  7    God:    Kikubaaqudgha [*.....]
Gold:   0          SH:  0    Dex: 17    Spells: 2/2 levels left

rFire   . . .      SeeInvis .   a - +0 long sword
rCold   . . .      Faith    .   (no shield)
rNeg    . . .      Spirit   .   b - +0 leather armour
rPois   .          Reflect  .   c - +0 helmet
rElec   .          Harm     .   (no cloak)
rCorr   .          Rampage  .   (no gloves)
Will    .....                   f - +0 pair of boots
Stlth   +.........              (no amulet)
HPRegen 0.09/turn               (no ring)
MPRegen 0.08/turn               (no ring)

@: no status effects
A: (nimble swimmer 2), mertail
a: Renounce Religion, Receive Corpses


You were on level 1 of the Dungeon.
You worshipped Kikubaaqudgha.
Kikubaaqudgha was aware of your devotion.
You visited 1 branch of the dungeon, and saw 1 of its levels.

Inventory:

Hand Weapons
 a - a +0 long sword (weapon)
Missiles
 d - 3 throwing nets (quivered)
 e - a javelin
Armour
 b - a +0 leather armour (worn)
 c - a +0 helmet (worn)
 f - a +0 pair of boots (worn)
Scrolls
 g - a scroll of teleportation {unknown}


   Skills:
 - Level 2.1 Fighting
 + Level 4.9 Long Blades
 - Level 2.0 Throwing
 - Level 4.0 Dodging


You had 2 spell levels left.
You didn't know any spells.
Your spell library contained the following spells:

 Spells                   Type           Power      Damage    Failure   Level
 Animate Skeleton         Necr           0%         N/A       52%         1
 Corpse Rot               Necr/Air       0%         N/A       65%         2
 Sublimation of Blood     Necr           0%         N/A       65%         2
 Agony                    Necr           0%         N/A       100%        5


Dungeon Overview and Level Annotations

Branches:
Dungeon (1/15)

Altars:
Kikubaaqudgha


Innate Abilities, Weirdness & Mutations

((You are very nimble when in or above water. (Stealth+, EV+, Speed+++)))
Your lower body shifts to a powerful aquatic tail in water.


Message History

A bat comes into view.
You barely miss the quokka.
The quokka bites you but does no damage.
You hit the quokka but do no damage. The quokka closely misses you.
The bat barely misses you. The quokka barely misses you.
You barely miss the bat. The bat closely misses you. The quokka misses you.
You barely miss the bat. The bat completely misses you.
The quokka twitches its whiskers.
The quokka closely misses you.
You slash the bat!
You kill the bat!
The quokka bites you but does no damage.
The quokka bites you.
You hit the kobold.
You kill the kobold!
The quokka bites you but does no damage.
You miss the quokka.
The quokka bites you but does no damage. x2
You miss the quokka. The quokka barely misses you.
You miss the quokka. The quokka barely misses you.
You slash the quokka!
You kill the quokka!
You have reached level 3!
Your experience leads to an increase in your attributes!
Increase (S)trength, (I)ntelligence, or (D)exterity?
You feel agile. x2
There is a faded altar of an unknown god here.
You start resting.
HP restored.
You cannot tell which god this altar belongs to.
Convert to them anyway?
Okay, then.
You cannot tell which god this altar belongs to.
Convert to them anyway?
Kikubaaqudgha accepts your prayer! Kikubaaqudgha welcomes you!
You can now receive cadavers from Kikubaaqudgha.
Kikubaaqudgha grants you a gift!
You add the spells Animate Skeleton, Corpse Rot, Sublimation of Blood and Agony to your library.
There are no items here.
Okay, then.
Are you sure you want to abandon this character and quit the game? (Confirm with "yes".)

####### #.####.###
#. #.....#
#>.†...... #
#.....###.#....##.
+.....†........#
#.....###.#.)..#
#.....###.....##
#......######...
#...#..# ##..
##.#@#.# ##
#..#†.# #.†...#
##)†### #....
+..... #......
#....... #........


There were no monsters in sight!

Vanquished Creatures
  A gnoll (D:1)
  A dart slug (D:1)
  A ball python (D:1)
  A goblin (D:1)
  A hobgoblin (D:1)
  A kobold (D:1)
  A quokka (D:1)
  3 bats (D:1)
  2 frilled lizards (D:1)
12 creatures vanquished.

Notes
Turn   | Place    | Note
-------+----------+-------------------------------------------
     0 | D:1      | ptdevnull the Merfolk Gladiator began the quest for the
                  | Orb.
     0 | D:1      | Reached XP level 1. HP: 16/16 MP: 1/1
   197 | D:1      | Reached XP level 2. HP: 13/22 MP: 2/2
   379 | D:1      | Found a faded altar of an unknown god.
   400 | D:1      | Reached XP level 3. HP: 23/27 MP: 3/3
   438 | D:1      | Prayed at the altar of an unknown god.
   438 | D:1      | Became a worshipper of Kikubaaqudgha
   438 | D:1      | Reached * piety under Kikubaaqudgha
   438 | D:1      | Received a gift from Kikubaaqudgha
   439 | D:1      | Quit the game

Illustrated notes

Levels and vault maps discovered:
D:1:      ebering_hopf_link, layout_basic, chequers_ecumenical_altar_simple

Skill      XL: |  1 |
---------------+----+-----
Long Blades    | 4 |  4.9
Fighting       | |  2.1
Throwing       | |  2.0
Dodging        | |  4.0

Action                   || total
-------------------------++-------
Melee: Long sword        ||    37
 Stab: Sleeping          ||     1
Armor: Leather armour    ||    14
Dodge: Dodged            ||    20

Table legend: (Time is in decaauts)
 A = Elapsed time spent in this place.
 B = Non-inter-level travel time spent in this place.
 C = Inter-level travel time spent in this place.
 D = Time resting spent in this place.
 E = Time spent auto-exploring this place.
 F = Levels seen in this place.
 G = Mean time per level.
                   A        B        C        D        E       F      G
               +--------+--------+--------+--------+--------+-----+--------+
         Total |    445 |    445 |      0 |    301 |     49 |   1 |  445.0 |
       Dungeon |    445 |    445 |      0 |    301 |     49 |   1 |  445.0 |
               +--------+--------+--------+--------+--------+-----+--------+

Top non-repeatable levels by time:
     D:1: 445 daAuts
